 Dungeon Crawl Stone Soup version 0.28.0-53-g5a82cb258f (webtiles) character file.

Game seed: 12760820155005058197

533 Gabide the Skirmisher (level 7, -7/62 HPs)
             Began as a Pale Draconian Monk on June 14, 2022.
             Was a Follower of Uskayaw.
             Mangled by Edmund
             ... wielding a +2 dire flail of venom
              (11 damage)
             ... on level 4 of the Dungeon.
             The game lasted 00:05:51 (4328 turns).

Gabide the Skirmisher (Pale Draconian Monk)         Turns: 4328, Time: 00:05:52

Health: -7/62      AC:  6    Str: 19    XL:     7   Next: 4%
Magic:  7/7        EV: 14    Int: 11    God:    Uskayaw [*.....]
Gold:   134        SH:  0    Dex: 15    Spells: 6/6 levels left

rFire   . . .      SeeInvis .     - Unarmed
rCold   . . .      Faith    .   (no shield)
rNeg    . . .      Spirit   .   (armour unavailable)
rPois   .          Reflect  .   (helmet restricted)
rElec   .          Harm     .   (no cloak)
rCorr   .          Rampage  .   (no gloves)
Will    .....                   (no boots)
Stlth   ++........              (no amulet)
HPRegen 0.20/turn               f - +6 ring of strength
MPRegen 0.10/turn               (no ring)

@: short of breath
A: breathe steam, AC +6, unfitting armour, cold-blooded, steam resistance
a: Breathe Steam, Renounce Religion, Stomp


You were on level 4 of the Dungeon.
You worshipped Uskayaw.
Uskayaw was noncommittal.
You visited 1 branch of the dungeon, and saw 4 of its levels.

You collected 160 gold pieces.
You spent 26 gold pieces at shops.

Inventory:

Jewellery
 f - a +6 ring of strength (left hand)
Wands
 n - a wand of digging (4)
Scrolls
 c - 3 scrolls of fog
 e - a scroll of enchant weapon {unknown}
 g - a scroll of teleportation {unknown}
 h - a scroll of fear {unknown}
 i - a scroll of enchant armour {unknown}
Potions
 a - a potion of might {unknown}
 d - a potion of haste
 j - a potion of magic {unknown}
 k - 2 potions of berserk rage
 l - 2 potions of heal wounds
 o - a potion of resistance {unknown}


   Skills:
 + Level 5.7 Fighting
 + Level 4.7 Dodging
 - Level 1.7 Stealth
 + Level 5.2 Unarmed Combat


You had 6 spell levels left.
You didn't know any spells.
Your spell library contained the following spells:

 Spells                   Type           Power      Damage    Failure   Level
 Slow                     Hex            0%         N/A       34%         1
 Confusing Touch          Hex            0%         N/A       71%         3
 Gell's Gravitas          Tloc           0%         N/A       71%         3
 Teleport Other           Tloc           0%         N/A       71%         3
 Vampiric Draining        Necr           0%         2d6       71%         3
 Dispersal                Tloc           0%         N/A       100%        6


Dungeon Overview and Level Annotations

Branches:
Dungeon (4/15)
 Temple: D:4-7

Altars:
Uskayaw
Vehumet

Shops:
D:2 ?

Annotations:
D:4 1 runed translucent door, Crazy Yiuf, Edmund


Innate Abilities, Weirdness & Mutations

You can breathe blasts of scalding, opaque steam.
Your pale cyan-grey scales are hard. (AC +6)
You cannot fit into any form of body armour.
You are cold-blooded and may be slowed by cold attacks.
You are immune to the effects of steam.


Message History

Edmund is almost dead.
You feel very sick.
Edmund hits you with a +2 dire flail of venom!
You are lethally poisoned!
You can now stomp with the beat.
An orc priest comes into view. It is wielding a +0 whip.
You feel very sick.
The orc priest shouts!
* * * LOW HITPOINT WARNING * * *
You feel very sick.
* * * LOW HITPOINT WARNING * * *
You feel very sick.
You feel better.
You have got your breath back.
Edmund hits you with a +2 dire flail of venom.
You are poisoned.
You feel sick.
You feel sick.
You feel sick.
You feel sick.
You feel sick.
You feel sick.
You feel sick.
You feel sick.
You are no longer poisoned.
The orc priest looks braver for a moment.
The orc priest invokes the aid of Beogh against you.
Beogh smites you!
* * * LOW HITPOINT WARNING * * *
Aiming: Breathe Steam (1% risk of failure)
Press: ? - help, Shift-Dir - straight line, f - Edmund
Aim: Edmund, wielding a +2 dire flail of venom and wearing a +2 chain mail of willpower (almost dead, 79% to hit)
You exhale a blast of scalding steam.
The ball of steam misses Edmund.
Edmund is engulfed in a cloud of scalding steam.
Edmund hits you but does no damage.
Edmund is engulfed in a cloud of scalding steam.
Edmund says, "Everyone always remembers my brother. 'Who's Edmund?' they ask!"
There is a stone staircase leading up here.
Edmund hits you with a +2 dire flail of venom!
You die...

##.#.##.# #..#.#....). #..#.##.#
#..#.#...... ##..#.)..#
#..#.#...... #.......##
#.##.#.#.###
#.##.##.####....#.#.# #
#.##.##.##......#..)# # #####
#.##.......#######..# #
#...######.#####.#..# #####..###
#.#.......o.r<@@.#..# #....(.[#
.#.#.#####.########.####.......#
.#.#.##.....# #.#..........#
.#.#....#.#.# #.#.##.###.#.#
.#.#.##.....### #.#.#........#
.#.#.##.#.#...# #.#.#......#.##
#............# #.#.#..)####...
#########...o# #.#.#...# ####
####.#####.#.#...#


You could see Edmund, an orc priest and a quokka.

Vanquished Creatures
  Eustachio (D:4)
  A scorpion (D:4)
  A bullfrog zombie (D:3)
  An orc priest (D:4)
  A jelly (D:4)
  A bullfrog skeleton (D:4)
  An orc wizard (D:4)
  Natasha (D:4)
  2 hound skeletons
  Robin (D:3)
  2 adders (D:3)
  3 ufetubi (D:4)
  2 worms (D:2)
  A dart slug (D:3)
  6 orcs
  7 bats
  5 endoplasms
  3 giant cockroaches
  8 hobgoblins
  A jackal (D:4)
  5 quokkas
  3 ball pythons
  4 frilled lizards (D:1)
  14 goblins
  8 kobolds
  7 rats
90 creatures vanquished.

Notes
Turn   | Place    | Note
-------+----------+-------------------------------------------
     0 | D:1      | Gabide the Draconian Monk began the quest for the Orb.
     0 | D:1      | Reached XP level 1. HP: 19/19 MP: 1/1
   225 | D:1      | Reached XP level 2. HP: 26/26 MP: 2/2
   274 | D:1      | Found a faded altar of an unknown god.
   347 | D:1      | Prayed at the altar of an unknown god.
   347 | D:1      | Became a worshipper of Uskayaw the Reveller
   347 | D:1      | Reached * piety under Uskayaw
   347 | D:1      | Reached ** piety under Uskayaw
   785 | D:2      | Reached XP level 3. HP: 29/33 MP: 3/3
   825 | D:2      | Found Yzeutz's Magic Scroll Shop.
   858 | D:2      | Bought a scroll of identify for 26 gold pieces
  1559 | D:2      | Found a radiant altar of Vehumet.
  1702 | D:3      | Noticed Robin
  1712 | D:3      | Reached XP level 4. HP: 31/40 MP: 4/4
  1715 | D:3      | Reached *** piety under Uskayaw
  1722 | D:3      | Reached **** piety under Uskayaw
  1725 | D:3      | Killed Robin
  2648 | D:3      | Reached XP level 5. HP: 40/47 MP: 5/5
  3205 | D:4      | Reached skill level 5 in Fighting
  3205 | D:4      | Reached XP level 6. HP: 28/56 MP: 6/6
  3539 | D:4      | Found a runed translucent door.
  3540 | D:4      | Noticed Crazy Yiuf
  3728 | D:4      | Noticed Eustachio
  3743 | D:4      | Killed Eustachio
  3744 | D:4      | Reached skill level 5 in Unarmed Combat
  4096 | D:4      | Noticed Natasha
  4104 | D:4      | Killed Natasha
  4105 | D:4      | Your scales start taking on a pale cyan-grey colour.
  4105 | D:4      | Reached XP level 7. HP: 49/62 MP: 7/7
  4105 | D:4      | Gained mutation: You are immune to the effects of steam.
                  | [Pale Draconian growth]
  4282 | D:4      | Noticed Edmund
  4321 | D:4      | HP: 2/62 [orc priest/divine providence (11)]
  4328 | D:4      | Mangled by Edmund

Illustrated notes

Levels and vault maps discovered:
D:1:      matt_arrival_diagonals, layout_loops_ring,
          shapermc_ecumenical_altar_mp_ritualfount, minmay_misc_feat_tiny
D:2:      layout_loops_ring, basic_altar, serial_shops, nicolae_diamond_shop,
          minmay_misc_feat_cross
D:3:      minmay_door_path, layout_basic, grunt_ministairs_15,
          chequers_serial_rivers_micro_d, bh_walls_and_bars, uniq_robin
D:4:      layout_loops_cross, serial_co_window_serial, co_window_paths_b,
          co_window_paths_b, co_window_paths_b, co_window_paths_a,
          co_window_corner_a, co_window_corner_cb, co_window_corner_b,
          co_window_corner_b, co_window_2corner, glass_columns_a,
          glass_columns_a, minmay_manual_macuahuitl, uniq_edmund,
          uniq_crazy_yiuf_cottage, uniq_eustachio, uniq_natasha

Skill      XL: |  1  2  3  4  5  6 |
---------------+-------------------+-----
Dodging        | 3 4 |  4.7
Fighting       | 4 5 |  5.7
Unarmed Combat | 4 5 |  5.2
Stealth        | |  1.7

Action                   |  1- 3 |  4- 6 |  7- 9 || total
-------------------------+-------+-------+-------++-------
Melee: Unarmed           |   136 |   162 |     5 ||   303
       Tailslap          |    15 |    31 |     1 ||    47
       Punch             |     1 |     6 |     2 ||     9
Invok: Stomp             |       |     1 |     1 ||     2
       Line Pass         |       |     1 |       ||     1
 Abil: Breathe Steam     |       |       |     3 ||     3
  Use: Scroll            |     3 |       |     2 ||     5
       Potion            |       |       |     1 ||     1
 Stab: Sleeping          |     3 |     2 |       ||     5
       Paralysed         |       |     5 |       ||     5
       Confused          |       |     1 |       ||     1
Armor: Skin              |    46 |    58 |     2 ||   106
Dodge: Dodged            |    68 |   130 |     4 ||   202
